 Dungeon Crawl Stone Soup version 0.10.4 character file.

3852 Oxelix the Severer (level 9, -7/108 HPs)
             Began as a Minotaur Berserker on Mar 20, 2017.
             Was a High Priest of Trog.
             Mangled by Grum
             ... wielding a -2,-1 spear
              (8 damage)
             ... on Level 8 of the Dungeon on Jan 4, 2023.
             The game lasted 00:20:54 (6528 turns).

Oxelix the Severer (Minotaur Berserker)             Turns: 6528, Time: 00:20:54

HP  -7/108       AC 10     Str 31      XL: 9   Next: 89%
MP   3/3         EV  8     Int  7      God: Trog [*****.]
Gold 481         SH  0     Dex  9      Spells:  0 memorised,  8 levels left

Res.Fire  : . . .   See Invis. : .   a - +0,+1 orc war axe
Res.Cold  : + . .   Warding    : . . b - +1 scale mail {rC+}
Life Prot.: . . .   Conserve   : .   (no shield)
Res.Acid. : . . .   Res.Corr.  : .   (helmet restricted)
Res.Poison: .       Clarity    : .   z - +2 cloak
Res.Elec. : .       Spirit.Shd : .   (no gloves)
Sust.Abil.: . .     Stasis     : .   (no boots)
Res.Mut.  : .       Ctrl.Telep.: .   (no amulet)
Res.Rott. : .       Levitation : .   (no ring)
Saprovore : . . .   Ctrl.Flight: .   k - +3 ring of intelligence

@: berserking (expires), very quick, slightly resistant to hostile enchantments,
extremely unstealthy
A: retaliatory headbutt, horns 2
a: Burn Spellbooks, Berserk, Trog's Hand, Brothers in Arms, Renounce Religion


You were on level 8 of the Dungeon.
You worshipped Trog.
Trog was extremely pleased with you.
You were hungry.

You visited 2 branches of the dungeon, and saw 9 of its levels.

You collected 461 gold pieces.

Inventory:

Hand weapons
 a - a +0,+1 orcish war axe (weapon)
 e - a +0,+0 dwarven hand axe (quivered)
Armour
 b - a +1 scale mail of cold resistance (worn)
 z - a +2 cloak (worn)
 G - the +1 robe "Cocveek" {SInv}
   (You found it on level 6 of the Dungeon)

   It enhances your eyesight.
Magical devices
 A - a wand of frost (10) {unknown}
 C - a wand of paralysis (5) {unknown}
Comestibles
 c - a chunk of giant frog flesh
 i - 2 apricots
 r - 4 meat rations
 F - a chunk of bat flesh
Scrolls
 f - 6 scrolls of identify {unknown}
 g - 4 scrolls of teleportation {unknown}
 h - 3 scrolls of remove curse {unknown}
 j - 3 scrolls of enchant weapon II {unknown}
 l - 3 scrolls of curse weapon {unknown}
 m - 7 scrolls of detect curse
 p - a scroll of random uselessness {unknown}
 v - a scroll of fear {unknown}
 x - 4 scrolls of enchant armour {unknown}
 y - a scroll of curse jewellery {unknown}
 B - 2 scrolls of blinking {unknown}
 D - 2 scrolls of immolation {unknown}
 E - a scroll of magic mapping {unknown}
 J - 2 scrolls of amnesia {unknown}
Jewellery
 k - a +3 ring of intelligence (left hand)
Potions
 d - 2 potions of speed {unknown}
 n - 5 potions of curing {unknown}
 o - 2 potions of heal wounds {unknown}
 q - 2 potions of agility {unknown}
 s - a potion of berserk rage {unknown}
 t - a potion of degeneration {unknown}
 u - a potion of poison {unknown}


   Skills:
 - Level 3.7 Fighting
 * Level 15.3 Axes
 - Level 2.4 Armour
 - Level 2.1 Dodging


You had 8 spell levels left.
You didn't know any spells.

Dungeon Overview and Level Annotations

Branches:
Dungeon (8/27)             Temple (1/1) D:6
    Orc: D:6-11        Lair: D:8-13

Altars:
Ashenzari
Cheibriados
Elyvilon
Fedhas
Kikubaaqudgha
Makhleb
Nemelex Xobeh
Okawaru
Sif Muna
The Shining One
Trog
Vehumet
Xom
Yredelemnul
Zin

Shops:
D:6: +

Annotations
D:8 Grum


Innate Abilities, Weirdness & Mutations

You reflexively headbutt those who attack you in melee.
You have a pair of horns on your head.


Message History

The war dog is severely wounded.
Grum barely misses you. The war dog closely misses you.
You furiously retaliate!
You headbutt the war dog!!
You kill the war dog!
Trog accepts your kill. The ogre closely misses you.
You hit the war dog.
You headbutt the war dog, but do no damage.
The war dog is almost dead.
Grum hits you from afar with a spear!
* * * LOW HITPOINT WARNING * * *
You slash the ogre! You headbutt the ogre!
You kill the ogre!
Trog accepts your kill.
Grum says, "My dogs and I will have a feast tonight..."
Grum barely misses you.
You see here a giant club.
You feel a strong urge to attack something.
Grum hits you with a spear!
You die...

#########+###
#...........########
#...........##.......
###...........##........
.##...........##........
.##............#........
..#............#g........
#.'............#@........
###........h....).......h
#...........##.........
#####..#############.#
..## . ... ...


You could see Grum and 2 war dogs.

Vanquished Creatures
  Pikel (D:5)
  A war dog (D:8)
  A necrophage (D:7)
  An orc warrior (D:7)
  A slave (D:5)
  2 black bears (D:6)
  An ice beast (D:7)
  A sky beast (D:7)
  5 ogres
  11 big kobolds (D:6)
  A giant frog (D:7)
  A killer bee (D:5)
  A goliath beetle (D:5)
  3 crimson imps
  A scorpion (D:5)
  7 hounds
  5 orc priests
  An orc wizard (D:4)
  3 worker ants
  2 jellies (D:8)
  Terence (D:2)
  A goliath beetle zombie (D:5)
  3 gnolls (D:4)
  2 giant centipedes (D:5)
  6 adders
  A giant mite (D:5)
  2 worms
  4 giant geckos
  16 orcs
  5 ball pythons
  8 bats
  8 giant cockroaches
  8 hobgoblins
  12 jackals
  21 kobolds
  3 quokkas
  3 giant newts
  9 goblins
  A kobold skeleton (D:4)
  A kobold zombie (D:6)
  11 rats
  A rat zombie (D:6)
  2 toadstools (D:7)
179 creatures vanquished.

Vanquished Creatures (others)
  2 slaves (D:5)
  A giant centipede (D:5)
  3 giant mites (D:5)
  An orc (D:4)
  A giant cockroach (D:5)
  2 kobolds
  A goblin (D:3)
  A butterfly (D:5)
12 creatures vanquished.

Grand Total: 191 creatures vanquished

Notes
Turn   | Place    | Note
--------------------------------------------------------------
     0 | D:1      | Oxelix, the Minotaur Berserker, began the quest for the Orb.
     0 | D:1      | Reached XP level 1. HP: 19/19 MP: 0/0
   171 | D:1      | Reached skill level 4 in Axes
   197 | D:1      | Reached XP level 2. HP: 24/26 MP: 0/0
   323 | D:1      | Reached skill level 5 in Axes
   523 | D:1      | Acquired Trog's second power
   818 | D:2      | Reached XP level 3. HP: 30/33 MP: 1/1
   952 | D:2      | Found a deep blue altar of Sif Muna.
   976 | D:2      | Reached skill level 6 in Axes
  1005 | D:2      | Noticed Terence
  1012 | D:2      | Killed Terence
  1110 | D:2      | Found an ancient bone altar of Kikubaaqudgha.
  1535 | D:3      | Reached XP level 4. HP: 34/39 MP: 1/1
  1893 | D:3      | Reached skill level 7 in Axes
  2149 | D:3      | Reached XP level 5. HP: 34/46 MP: 1/1
  2792 | D:4      | Reached skill level 8 in Axes
  2843 | D:4      | Reached XP level 6. HP: 7/52 MP: 2/2
  3051 | D:4      | Reached skill level 9 in Axes
  3499 | D:5      | Entered Level 5 of the Dungeon
  3549 | D:5      | Reached skill level 10 in Axes
  3549 | D:5      | Reached XP level 7. HP: 59/59 MP: 2/2
  3697 | D:5      | Found a glowing drain.
  3918 | D:5      | Noticed Pikel
  3933 | D:5      | Killed Pikel
  3933 | D:5      | Reached skill level 11 in Axes
  3933 | D:5      | Reached XP level 8. HP: 42/66 MP: 2/2
  3963 | D:5      | Killed a giant centipede
  3980 | D:5      | Your ally freed slave died
  4014 | D:5      | Your ally freed slave died
  4035 | D:5      | Noticed a giant centipede
  4043 | D:5      | Killed a giant centipede
  4046 | D:5      | Reached skill level 12 in Axes
  4066 | D:5      | Noticed a giant centipede
  4076 | D:5      | Killed a giant centipede
  4768 | D:6      | Found a snail-covered altar of Cheibriados.
  4834 | D:6      | Found a staircase to the Ecumenical Temple.
  4852 | D:6      | Noticed a big kobold
  4852 | D:6      | Noticed a big kobold
  4852 | D:6      | Noticed a big kobold
  4852 | D:6      | Noticed a big kobold
  4852 | D:6      | Noticed a big kobold
  4852 | D:6      | Noticed a big kobold
  4852 | D:6      | Noticed a big kobold
  4852 | D:6      | Noticed a big kobold
  4852 | D:6      | Noticed a big kobold
  4853 | D:6      | Noticed a big kobold
  4853 | D:6      | Noticed a big kobold
  4859 | D:6      | Killed a big kobold
  4862 | D:6      | Killed a big kobold
  4867 | D:6      | Killed a big kobold
  4869 | D:6      | Killed a big kobold
  4869 | D:6      | Acquired Trog's third power
  4869 | D:6      | Reached skill level 13 in Axes
  4872 | D:6      | Killed a big kobold
  4876 | D:6      | Killed a big kobold
  4876 | D:6      | Reached XP level 9. HP: 72/72 MP: 3/3
  4879 | D:6      | Killed a big kobold
  4890 | D:6      | Killed a big kobold
  4900 | D:6      | Killed a big kobold
  4904 | D:6      | Killed a big kobold
  4907 | D:6      | Killed a big kobold
  5007 | D:6      | Found Ibetel's Book Boutique.
  5292 | D:6      | Found a bloodstained altar of Trog.
  5301 | D:6      | Reached skill level 14 in Axes
  5432 | D:6      | Got an opalescent robe
  5443 | D:6      | Identified the +1 robe "Cocveek" (You found it on level 6 of the Dungeon)
  5541 | Temple   | Entered the Ecumenical Temple
  6378 | D:7      | Reached skill level 15 in Axes
  6512 | D:8      | Noticed Grum
  6525 | D:8      | HP: 1/108 [Grum/spear (12)]
  6528 | D:8      | Mangled by Grum
